AoeStats
← Pleymo0901

Arabia

509613862Analyzed
1v1 RM · 6d ago on Sep 27, 2026· 39m 12s· 2 players
Game mode
Random Map
Map size
Tiny (2 player)
Population
200
Speed
Normal
Resources
Standard
Victory
Conquest
Starting age
Dark Age
Ending age
Imperial Age
RankedLock teamsTeams togetherTeam positionsShared explorationLock speedFull tech treeHidden civsTurbo modeCheats
Victory
Defeat
🇫🇷 Spanish · France
944
+15
🇻🇳 Koreans · Vietnam
917
-15
longeery
1:27 Loom
11:35 Feudal Age
16:28 Castle Age
15:29 Stone Mining
28:34 Fletching
33:57 Imperial Age
31:56 Town Watch
32:49 Wheelbarrow
32:01 Double-Bit Axe
31:58 Horse Collar
34:23 Masonry
36:59 Imperial Age
Pleymo0901
3:54 Loom
10:10 Feudal Age
10:57 Double-Bit Axe
10:58 Horse Collar
12:00 Wheelbarrow
21:23 Castle Age
20:07 Stone Mining
21:21 Gold Mining
22:49 Pikeman
24:38 Husbandry
31:41 Imperial Age
30:31 Bow Saw
30:33 Heavy Plow
32:36 Elite Skirmisher
34:55 Ballistics
35:36 Chemistry
34:38 Padded Archer Armor
34:29 Fletching
Connection lost

Rejoining the realm…

Still unreachable

The connection could not be restored.

Session expired

The server has moved on; the page needs a fresh start.